 Dungeon Crawl Stone Soup version 0.28.0 (webtiles) character file.

Game seed: 12303612480278962464

2 testman the Sneak (level 1, -1/14 HPs)
             Began as a Kobold Delver on Feb 5, 2022.
             Slain by a water moccasin zombie (5 damage)
             ... on level 5 of the Dungeon.
             The game lasted 00:02:08 (465 turns).

testman the Sneak (Kobold Delver)                    Turns: 465, Time: 00:02:09

Health: -1/14      AC:  3    Str:  9    XL:     1   Next: 44%
Magic:  1/1        EV: 14    Int: 11    God:
Gold:   32         SH:  0    Dex: 16    Spells: 0/0 levels left

rFire   . . .      SeeInvis .   a - +0 short sword
rCold   . . .      Faith    .   (no shield)
rNeg    . . .      Spirit   .   b - +0 leather armour
rPois   .          Reflect  .   (no helmet)
rElec   .          Harm     .   (no cloak)
rCorr   .          Rampage  .   (no gloves)
Will    .....                   (no boots)
Stlth   ++++......              (no amulet)
HPRegen 0.04/turn               (no ring)
MPRegen 0.07/turn               (no ring)

@: no status effects
A: small, no large weapons, nightstalker 3
a: no special abilities


You were on level 5 of the Dungeon.
You visited 1 branch of the dungeon, and saw 2 of its levels.

You collected 32 gold pieces.

Inventory:

Hand Weapons
 a - a +0 short sword (weapon)
Armour
 b - a +0 leather armour (worn)
Wands
 g - a wand of digging (3)
Scrolls
 c - a scroll of fog
 d - a scroll of magic mapping
 e - a scroll of vulnerability {unknown}
Potions
 f - a potion of haste


   Skills:
 + Level 3.3 Fighting
 + Level 2.7 Short Blades
 - Level 2.4 Dodging
 + Level 6.7 Stealth


You couldn't memorise any spells.
You didn't know any spells.
Your spell library contained the following spells:

 Spells                   Type           Power      Damage    Failure   Level
 Corpse Rot               Necr/Air       0%         N/A       58%         2
 Poisonous Vapours        Pois/Air       0%         N/A       58%         2
 Dispel Undead            Necr           0%         3d6       99%         4
 Death Channel            Necr           0%         N/A       100%        6


Dungeon Overview and Level Annotations

Branches:
Dungeon (5/15)
 Temple: D:4-7

Altars:


Innate Abilities, Weirdness & Mutations

You are small and have problems with some larger weapons.
You are completely attuned to the shadows.


Message History

The kobold is severely wounded.
The kobold closely misses you.
You hit the kobold.
You kill the kobold!
Things that are here:
a +0 club; a kobold corpse You start resting.
An ogre comes into view. It is wielding a +0 giant club.
A water moccasin zombie comes into view.
The helpless water moccasin zombie fails to defend itself.
You impale the water moccasin zombie!!
The water moccasin zombie is heavily damaged.
The water moccasin zombie misses you.
You barely miss the water moccasin zombie.
The water moccasin zombie is heavily damaged.
The water moccasin zombie completely misses you.
You closely miss the water moccasin zombie.
The water moccasin zombie is heavily damaged.
The water moccasin zombie bites you.
You hit the water moccasin zombie but do no damage.
The water moccasin zombie is heavily damaged.
The water moccasin zombie barely misses you.
You hit the water moccasin zombie.
The water moccasin zombie is severely damaged.
The water moccasin zombie bites you but does no damage.
You closely miss the water moccasin zombie.
The water moccasin zombie is severely damaged.
The water moccasin zombie bites you.
The water moccasin zombie bites you but does no damage.
You hit the water moccasin zombie but do no damage.
The water moccasin zombie is severely damaged.
The water moccasin zombie closely misses you.
You hit the water moccasin zombie but do no damage.
The water moccasin zombie is severely damaged.
The water moccasin zombie bites you.
* * * LOW HITPOINT WARNING * * *
You hit the water moccasin zombie.
The water moccasin zombie is severely damaged.
The water moccasin zombie bites you.
You die...

#### ### #.. ..# #Z#
#.##############@###
#.##.................
..##.#####.#.###.####
#.##.#####.#)# #...
#.......O.<).# #..##
#..#.######..# ..#
...#.# #..# ##.#.#
#..# #.#.# #...


You could see a water moccasin zombie.

Vanquished Creatures
  A hobgoblin (D:5)
  A kobold (D:5)
2 creatures vanquished.

Notes
Turn   | Place    | Note
-------+----------+-------------------------------------------
     0 | D:5      | testman the Kobold Delver began the quest for the Orb.
     0 | D:5      | Reached XP level 1. HP: 14/14 MP: 1/1
    35 | D:5      | Noticed a hound
   117 | D:5      | Noticed a howler monkey
   176 | D:4      | Noticed a hound
   176 | D:4      | Noticed an orc priest
   451 | D:5      | Noticed an ogre
   455 | D:5      | Noticed a water moccasin zombie
   465 | D:5      | Slain by a water moccasin zombie

Illustrated notes

Levels and vault maps discovered:
D:4:      kennysheep_kobold_camp, layout_cave_pools, serial_shops, shop
D:5:      layout_loops_ring, minmay_temple_entry_crystal_x, serial_bayou_pond_c,
          minmay_a_box_with_orc_wizards_in_it, uniq_menkaure

Action                   || total
-------------------------++-------
Melee: Short sword       ||    22
       Punch             ||     1
  Use: Scroll            ||     1
 Stab: Sleeping          ||     1
Armor: Leather armour    ||     6
Dodge: Dodged            ||     9
